[Event "55th Biel Festival ATO 2022"]
[Site "Biel"]
[Date "2022.07.15"]
[Round "3.6"]
[White "Forney, Robert"]
[Black "Manmay Chopra"]
[Result "0-1"]
[ECO "B01"]
[WhiteElo "1828"]
[BlackElo "1934"]
[Annotator "ChessBase"]
[PlyCount "86"]
[EventDate "2022.07.13"]
[EventType "swiss"]
[EventCountry "SUI"]
[SourceTitle "playchess.com"]
[Source "ChessBase"]
[SourceQuality "1"]
[TimeControl "40/5400+30:1800+30"]

1. e4 Nc6 2. d4 d5 3. exd5 Qxd5 4. Nf3 e5 5. dxe5 Qxd1+ 6. Kxd1 Bg4 7. Bf4 O-O-O+ 8. Nbd2 Bc5 9. Bg3 Nge7 10. Bd3 Nf5 11. Ne4 Nxg3 12. hxg3 Bd4 13. Kc1 Bxf3 14. gxf3 Nxe5 15. Be2 f5 16. Ng5 Bxf2 17. f4 Bxg3 18. Rf1 Ng6 19. Nf7 Bxf4+ 20. Kb1 Rhe8 21. Bd3 Rd5 22. a4 Re7 23. Nh8 Nxh8 24. Rxf4 Re1+ 25. Ka2 Rxa1+ 26. Kxa1 g6 27. Bc4 Re5 28. Bg8 Re7 29. Rh4 h5 30. Rh1 Kd7 31. Kb1 Nf7 32. Kc1 Nh6 33. Rg1 Nxg8 34. Rxg6 Rh7 35. Rxg8 h4 36. Rg2 Ke6 37. Kd2 f4 38. Ke2 Kf5 39. Kf3 h3 40. Rh2 Re7 41. Rd2 Re3+ 42. Kf2 h2 43. Kg2 f3+ 0-1

[Event "55th Biel Festival ATO 2022"]
[Site "Biel"]
[Date "2022.07.18"]
[Round "5.1"]
[White "Manmay Chopra"]
[Black "Hari Charan Sai Kalluri"]
[Result "0-1"]
[ECO "B53"]
[WhiteElo "1934"]
[BlackElo "2041"]
[Annotator "TA"]
[PlyCount "179"]
[EventDate "2022.07.13"]
[EventType "swiss"]
[EventCountry "SUI"]
[SourceTitle "playchess.com"]
[Source "ChessBase"]
[SourceQuality "1"]
[TimeControl "40/5400+30:1800+30"]

1. e4 c5 2. Nf3 d6 3. d4 cxd4 4. Qxd4 Nc6 5. Bb5 Bd7 6. Bxc6 Bxc6 7. Nc3 Nf6 8. Bg5 e5 9. Qd3 Be7 10. O-O-O Qb6 {[%emt 0:06:21] B53: Sicilian: 2...d6: Lines with Qxd4.} (10... Ng4 $14 11. Qd2 (11. Bxe7 Qxe7 12. Rd2 Rd8 $14) 11... O-O) 11. Rhf1 {[%emt 0:02:49] [#]} O-O-O $146 ({Predecessor:} 11... Rd8 12. Bxf6 Bxf6 13. Nd5 Bxd5 14. Qxd5 O-O 15. Kb1 Be7 16. Nd2 Rc8 17. Nc4 Qc7 18. Ne3 {½-½ (46) Nur Mukhametova,A (2213)-Bulatova,K (2143) Moscow 2019}) 12. Bxf6 Bxf6 {[%emt 0:01:53] White is slightly better.} 13. Kb1 Rhe8 14. Nd2 Re6 15. Nc4 Qc5 16. Ne3 a5 17. a4 g6 (17... Kb8 $16) 18. Ned5 $18 Bg7 19. g4 Kb8 20. h4 h6 (20... Ree8 $16) 21. Qf3 Be8 (21... Rd7 {is a better defense.} 22. Qe3 Re8) 22. Qe3 (22. Rd3 $18) 22... Rc8 $16 23. Nb6 {[%emt 0:05:05] Pair of Knights!} Rc6 24. Qxc5 Rxc5 25. Ncd5 (25. f3 $16) 25... Bf6 $11 26. Rh1 Bd8 {[%emt 0:00:45] ...Rc6 is the strong threat.} 27. g5 $2 (27. b3 $11) 27... hxg5 $19 {[%emt 0:00:22] Hoping for ...Ka7.} 28. hxg5 {[%emt 0:00:02] [#]} Ka7 $1 (28... Rc6 29. b4 $11) 29. b4 axb4 30. a5 Rxa5 (30... Bxg5 31. Rh8 $15) 31. Nc4 Rc5 32. Nb2 Bxg5 33. Nxb4 (33. Rh8 $17) 33... Bb5 34. Rh3 Kb8 35. Rh8+ (35. Rb3 $17 {might work better.}) 35... Ka7 36. Rh3 $1 Rf6 37. Ra3+ Kb8 38. Rg1 $2 (38. Rb3 $17) 38... Bd2 ({Weaker is} 38... Rxf2 39. Rxg5 Re2 40. Rg1 $17) 39. N4d3 Bxd3 40. Nxd3 Rc4 41. Rg4 Re6 42. Rb3 Re8 {[%emt 0:02:34] White must now prevent ...Rec8.} 43. Rh4 Rec8 44. Rh7 R8c7 ({And not} 44... Rxe4 45. Rxf7 Rc7 46. Rf6 $17) 45. Rh8+ {[%emt 0:00:00] [#]} Ka7 $1 46. f3 Rc3 ({Stronger than} 46... Rxc2 47. Ra3+ Kb6 48. Rb3+ Ka7 49. Ra3+ Kb6 50. Rb3+ Ka7 $11) 47. Rb2 (47. Rxc3 $17 Bxc3 48. Rd8) 47... Rc8 48. Rh7 R3c7 49. Rh2 Bc3 50. Rb5 Rc6 51. Kc1 Ra6 52. Kd1 Ra1+ 53. Ke2 Bd4 54. Nb4 Rc3 55. Rh7 (55. Rh3 {was worth a try.}) 55... Re3+ 56. Kd2 Rxf3 {[%emt 0:00:36] Strongly threatening ...g5.} 57. Nd3 Rg1 58. Rh2 {[%emt 0:00:48] Inhibits Rg2+.} Rfg3 59. Rd5 R1g2+ 60. Rxg2 Rxg2+ {[%emt 0:00:01][%mdl 4096] Endgame KRB-KRN} 61. Kd1 Bc5 62. Nxc5 dxc5 63. Rxe5 $2 {[%emt 0:00:08] KR-KR} (63. Rxc5 {was the only chance.} f6 64. Rc8) 63... Kb6 64. Re7 Rf2 65. e5 g5 {[%emt 0:00:42] Threatens to win with ...g4.} 66. e6 (66. Ke1 $142 Rxc2 67. Rxf7) 66... fxe6 67. Rxe6+ Kb5 68. Rg6 Rf5 69. Kc1 Ka5 70. Kb2 b5 {[%emt 0:00:27] And now ...Kb4 would win.} 71. Kb3 Rf3+ 72. Kb2 Rg3 73. c3 Rg2+ 74. Ka3 Rg3 (74... c4 $142 75. Rg8 Rc2 76. Ra8+ Kb6 77. Rb8+ Kc6 78. Rc8+ Kd7) 75. Kb2 $1 c4 76. Rg8 Rg2+ 77. Ka3 Rc2 78. Ra8+ Kb6 79. Rb8+ Kc6 80. Rc8+ Kb7 81. Rg8 Rxc3+ 82. Kb4 Rb3+ 83. Kc5 c3 84. Rg7+ Kb8 {[%emt 0:00:58] ( -> ...c2)} 85. Kb6 Kc8 {[%emt 0:00:01] aiming for ...Kd8.} 86. Rxg5 Kd7 87. Rd5+ Ke6 88. Rc5 Kd6 89. Rh5 b4 (89... c2 $142 90. Rh6+ Kd5 91. Rh1 Rb1 92. Rh5+ Kd4 93. Rh4+ Kc3 94. Rh3+ Kb4 95. Rh4+ Ka3 96. Rh7 c1=Q 97. Rh5 Qg1+ 98. Kb7 Qg7+ 99. Kb6 Qg6+ 100. Kc7 Qxh5 101. Kd6 Re1 102. Kd7 Qc5 103. Kd8 Qa7 104. Kc8 Re8#) 90. Kb5 {[%emt 0:00:09] Weighted Error Value: White=0.35/Black=0.21 (precise)} 0-1

[Event "55th Biel Festival ATO 2022"]
[Site "Biel"]
[Date "2022.07.18"]
[Round "5.2"]
[White "Sala, Matteo"]
[Black "Arndt Uwe"]
[Result "1-0"]
[ECO "C06"]
[WhiteElo "1708"]
[BlackElo "1964"]
[Annotator "TA"]
[PlyCount "51"]
[EventDate "2022.07.13"]
[EventType "swiss"]
[EventCountry "SUI"]
[SourceTitle "playchess.com"]
[Source "ChessBase"]
[SourceQuality "1"]
[TimeControl "40/5400+30:1800+30"]

1. e4 e6 2. d4 d5 3. Nd2 Nf6 4. e5 Nfd7 5. Bd3 c5 6. c3 Nc6 7. Ne2 cxd4 8. cxd4 a5 9. O-O Qb6 {[%emt 0:03:16] C06: French Tarrasch: 3...Nf6 4 e5 Nfd7 5 Bd3 main lines.} ({Better is} 9... Nb6 $14) 10. Nf3 $16 Be7 11. a3 f6 {[%emt 0:06:33][%cal Rf6e5] White is better.} 12. Nf4 {[%emt 0:22:11] [#]} Nf8 $146 ({Predecessor:} 12... fxe5 13. Nxe5 Ndxe5 14. dxe5 O-O 15. Qh5 h6 16. Ng6 Rf7 17. Nh8 Nxe5 18. Nxf7 Nxd3 19. Nxh6+ gxh6 {1-0 (27) Corral,C (1882)-Zhao,K (1666) Forchheim 2010}) 13. exf6 Bxf6 14. Re1 Ne7 (14... Kf7 $142 15. b3 Ng6) 15. Bd2 (15. Ne5 $142) 15... Bd7 (15... Nfg6 $142 16. Bxg6+ hxg6) 16. b4 a4 17. Rc1 {[%emt 0:03:14] Strongly threatening Ne5.} g5 $2 {[%emt 0:07:39] [#]} (17... Nfg6 18. Qe2 Rc8 19. Rxc8+ Bxc8 20. Nxe6 Bxe6) 18. Nxg5 $1 {[%emt 0:02:15][%mdl 512] aiming for Qh5+.} h5 (18... Qd6 19. Qh5+) 19. Nxh5 Bxd4 20. Qf3 Bc8 21. Qf7+ Kd7 22. Nf6+ {[%emt 0:00:47] White mates.} Bxf6 23. Qxf6 Rg8 24. Bf4 Rxg5 25. Bb5+ {[%emt 0:02:59] This bishop pair is nice.} Nc6 26. Qf7+ {[%emt 0:00:32] Black did not feel at home in the position after the opening.  Weighted Error Value: White=0.21 (precise) /Black=0.77} 1-0

[Event "55th Biel Festival ATO 2022"]
[Site "Biel"]
[Date "2022.07.18"]
[Round "5.3"]
[White "Stijve Niels"]
[Black "Altok, Mesut"]
[Result "1-0"]
[ECO "B96"]
[WhiteElo "1958"]
[BlackElo "1890"]
[Annotator "TA"]
[PlyCount "65"]
[EventDate "2022.07.13"]
[EventType "swiss"]
[EventCountry "SUI"]
[SourceTitle "playchess.com"]
[Source "ChessBase"]
[SourceQuality "1"]
[TimeControl "40/5400+30:1800+30"]

1. e4 c5 2. Nf3 d6 3. d4 cxd4 4. Nxd4 Nf6 5. Nc3 a6 6. Bg5 e6 7. f4 Nbd7 8. Qe2 Qc7 9. O-O-O b5 10. g3 {[%emt 0:00:57] B96: Sicilian Najdorf: 6 Bg5 e6 7 f4, lines other than 7...Qb6 and 7...Be7.} Bb7 (10... b4 $11 11. Na4 Bb7) 11. Bg2 Rc8 {[%emt 0:01:11] [#]} ({Black should try} 11... Qc4) 12. e5 $1 $16 {[%emt 0:21:33] White is more active. White is better.} Bxg2 (12... dxe5 $16 13. fxe5 (13. Bxb7 Qxb7 14. fxe5 Nd5 $11) 13... Bxg2 14. exf6 Qe5 15. Qxg2 Qxg5+ 16. Kb1 Nxf6) 13. exf6 $18 {[%emt 0:01:55] [#]} Qc4 $146 (13... Bxh1 $2 14. Nxe6 Qc6 15. Nd4+ Ne5 16. Nxc6 $18) (13... Bh3) ({Predecessor:} 13... gxf6 14. Nxe6 Qc4 15. Qxc4 bxc4 16. Nxf8 fxg5 17. Nxd7 Bxh1 18. Nf6+ Ke7 19. fxg5 Bb7 {½-½ (41) Bronstein,L-Szmetan,J Santa Fe 1973}) 14. Qxg2 gxf6 15. Bh4 b4 16. Nb1 Qxa2 17. Qb7 Qc4 18. Nd2 Rc7 (18... Qc7 19. Qxa6 Be7) 19. Qa8+ Rc8 20. Nxc4 Rxa8 21. Rhe1 d5 22. Ne3 {[%emt 0:01:02] [#] And now Nxd5 would win.} Kd8 23. Ng4 Bg7 (23... Kc7 $142 24. Nxf6 Bg7 25. Rxe6 fxe6) 24. f5 e5 25. Nxe5 Rf8 26. Nec6+ Kc7 27. Nxb4 Nb6 28. g4 {[%emt 0:07:37] aiming for Re7+.} Bh6+ 29. Kb1 {[%emt 0:00:15] Strongly threatening Re7+.} Bf4 30. Re7+ Kd6 31. Bxf6 {[%emt 0:00:10] Black must now prevent Rb7.} Bxh2 32. Rb7 Nc8 33. Nb5+ {[%emt 0:00:24] Black got outplayed after the opening.  Weighted Error Value: White=0.25 (precise) /Black=1.12} 1-0

[Event "55th Biel Festival ATO 2022"]
[Site "Biel"]
[Date "2022.07.18"]
[Round "5.4"]
[White "Harisurya Bharadwaj Gundepudi"]
[Black "Marcos Herrero, Francisco"]
[Result "1-0"]
[ECO "A43"]
[WhiteElo "1924"]
[BlackElo "1877"]
[Annotator "TA"]
[PlyCount "89"]
[EventDate "2022.07.13"]
[EventType "swiss"]
[EventCountry "SUI"]
[SourceTitle "playchess.com"]
[Source "ChessBase"]
[SourceQuality "1"]
[TimeControl "40/5400+30:1800+30"]

1. d4 Nf6 2. Bf4 c5 3. d5 d6 4. Nc3 g6 5. e4 Bg7 6. Nf3 Nbd7 {[%emt 0:00:21] A43: Schmid Benoni.} 7. Qd2 O-O 8. Be2 Qa5 {[%emt 0:00:26] The position is equal.} (8... b5 {looks sharper.} 9. Bxb5 Rb8 10. O-O Nxe4 11. Nxe4 Rxb5 12. Bh6 Nf6) 9. O-O {[%emt 0:01:00] [#]} b5 $146 (9... a6 $11) ({Predecessor:} 9... a6 10. e5 dxe5 11. Nxe5 Nxe5 12. Bxe5 b5 13. d6 exd6 14. Qxd6 Be6 15. Qxc5 Nd7 {½-½ (53) Fadii,T (1964)-Kamara,A (1910) Batumi 2018}) 10. Nxb5 $16 Qxd2 11. Nxd2 ({Worse is} 11. Bxd2 Nxe4 12. Ba5 Nb6 $15) 11... a6 {[%emt 0:05:11] [#]} 12. Nc3 {[%emt 0:01:56] White is much more active. The black rooks are badly placed.} Nb6 13. h3 Nfd7 14. Nc4 ({White should play} 14. Bg5 $16) 14... Rb8 (14... Nxc4 $14 15. Bxc4 f5) 15. Na5 Ra8 16. a4 {[%emt 0:04:18][%cal Ba2a4,Ba4a5][%mdl 32] Nc6 is the strong threat.} Ne5 17. Be3 Ned7 (17... f5 $142) 18. Nc6 $18 Bb7 19. Nxe7+ Kh8 20. a5 Rfe8 21. Nxg6+ ({Don't play} 21. axb6 $6 Rxe7 22. Ra3 (22. Bg5 Ree8 $18) 22... Bxc3 $18) 21... hxg6 22. axb6 Nxb6 23. Bd3 Nd7 24. Bd2 Reb8 25. Ra2 Bd4 26. Ne2 Ne5 27. Nxd4 Nxd3 28. cxd3 cxd4 29. Bf4 Rd8 30. Bg5 Rd7 31. Bf6+ Kg8 32. Bxd4 Rc8 33. b4 f5 34. f3 Kf7 35. b5 axb5 36. Rb1 f4 37. g3 g5 38. h4 Kg6 (38... gxh4 39. gxh4 Rdc7 40. Rxb5 Rc1+ 41. Kf2 R8c2+ 42. Rxc2 Rxc2+ 43. Ke1 Ba6) 39. hxg5 fxg3 40. Kg2 Kxg5 41. Kxg3 Rh7 42. Rxb5 {[%emt 0:01:30] [#] White wants to mate with f4+.} Rg8 43. Rb6 Rg6 44. f4+ Kh5+ 45. Kf3 {[%emt 0:00:05] Weighted Error Value: White=0.09 (flawless) /Black=0.55} 1-0

[Event "55th Biel Festival ATO 2022"]
[Site "Biel"]
[Date "2022.07.18"]
[Round "5.5"]
[White "Al Helaoy Majed"]
[Black "Schnell, Simon"]
[Result "1-0"]
[ECO "B12"]
[WhiteElo "2015"]
[BlackElo "1847"]
[Annotator "TA"]
[PlyCount "121"]
[EventDate "2022.07.13"]
[EventType "swiss"]
[EventCountry "SUI"]
[SourceTitle "playchess.com"]
[Source "ChessBase"]
[SourceQuality "1"]
[TimeControl "40/5400+30:1800+30"]

1. e4 c6 2. d4 d5 3. e5 Bf5 4. h4 Qc7 5. Nc3 h5 6. Bd3 {[%emt 0:00:17] B12: Caro-Kann: Advance Variation.} Bxd3 7. Qxd3 {[%emt 0:02:05][%cal Oe5e6] Hoping for e6!} e6 {[%emt 0:00:08] [#]} 8. Nh3 $146 {[%emt 0:02:51] The position is equal.} ({Predecessor:} 8. Nf3 Nd7 9. Bg5 Ne7 10. O-O Nf5 11. Ne2 c5 12. c3 c4 13. Qd2 Be7 14. Ng3 {1-0 (65) Martinez Alcantara,J (2615)-Jobava,B (2588) Chess.com INT 2022}) 8... c5 9. Nb5 Qb6 10. dxc5 Bxc5 11. Be3 Bxe3 12. Nd6+ Kf8 13. fxe3 Qb4+ 14. c3 Qxh4+ 15. Kd2 $1 Nc6 {[%emt 0:01:50] [#] Strongly threatening ...Qe7.} 16. Nxf7 $1 {[%emt 0:21:47][%mdl 64] Decoy} Kxf7 17. Raf1+ {[%emt 0:06:50] [#]} Nf6 $1 18. exf6 {[%emt 0:00:08] Chess con chili.} gxf6 19. Nf4 Qg5 {[%emt 0:02:32] Inhibits Qg6+.} 20. Qb5 {[%emt 0:00:24][%cal Oh1h5] And now Rxh5! would win.} Rab8 21. Kc1 Ne5 ({Black should play} 21... h4 $11) 22. Qa5 $14 {[%emt 0:01:50] Qc7+ is the strong threat.} Nd3+ 23. Kb1 ({But not} 23. Nxd3 Qxe3+ 24. Kc2 Qe2+ 25. Kc1 Qe3+ 26. Kc2 Qe2+ 27. Kc1 Qe3+ $11) 23... Nxf4 24. Qc7+ Kg6 25. Rxf4 (25. exf4 $11 Qf5+ 26. Ka1) 25... f5 (25... Qxg2 $2 26. Rff1 Qe4+ 27. Ka1 $18) (25... Qe5 $1 $15 26. Qa5 (26. Qe7 Rh7 $15) 26... d4 27. Qxe5 fxe5) 26. Rf3 $11 Kf6 27. Rg3 (27. Rhf1 $11) 27... Rbc8 $17 28. Qd6 Rc6 29. Rxg5 Rxd6 30. Rgxh5 Rxh5 31. Rxh5 {[%emt 0:00:04][%mdl 4096] Endgame [#] KR-KR} Rd7 $1 {[%emt 0:00:06] Inhibits Rh7.} 32. Kc2 Rg7 33. Rh2 Rg3 (33... Rg4 $17 34. Kd3 b5) 34. Kd2 $1 $11 Ke5 35. Ke2 $1 Ke4 36. Rh4+ Rg4 37. Rxg4+ fxg4 {[%emt 0:00:08] KP-KP} 38. a4 b6 39. Kd2 a6 40. Ke2 b5 41. axb5 axb5 42. b3 Kf5 (42... e5 $11) 43. Kd3 $16 {[%emt 0:00:07] aiming for Kd4.} Ke5 44. g3 Kd6 45. Kd4 (45. e4 $16 {Black must now prevent Kd4.} Ke5 46. exd5 exd5 47. Ke3) 45... e5+ $11 {[%emt 0:00:55] Black is now going downhill.} 46. Kd3 Kd7 $2 (46... b4 $11) 47. e4 {[%emt 0:00:35] White mates.} Kd6 48. exd5 Kxd5 {[%emt 0:00:07] [#]} 49. c4+ $1 bxc4+ 50. bxc4+ {[%emt 0:00:01] KPP-KPP} Kc5 51. Ke4 Kxc4 52. Kxe5 {[%emt 0:00:04] KP-KP} Kc5 53. Kf5 Kd6 54. Kxg4 {[%emt 0:00:08] KP-K} Ke6 55. Kg5 Kf7 56. Kh6 Kf8 57. Kh7 Kf7 58. g4 Kf6 59. Kh6 Kf7 60. g5 Kg8 61. Kg6 {[%emt 0:00:06] Weighted Error Value: White=0.11 (very precise) /Black=0.19 (very precise)} 1-0

[Event "55th Biel Festival ATO 2022"]
[Site "Biel"]
[Date "2022.07.18"]
[Round "5.6"]
[White "Marty, Fridolin"]
[Black "Schneuwly Achim"]
[Result "1/2-1/2"]
[ECO "B40"]
[WhiteElo "1867"]
[BlackElo "2002"]
[Annotator "TA"]
[PlyCount "112"]
[EventDate "2022.07.13"]
[EventType "swiss"]
[EventCountry "SUI"]
[SourceTitle "playchess.com"]
[Source "ChessBase"]
[SourceQuality "1"]
[TimeControl "40/5400+30:1800+30"]

1. e4 c5 2. Nf3 e6 3. g3 Nc6 4. Bg2 Nf6 5. Nc3 Be7 6. O-O {[%emt 0:00:44] B40: Sicilian: 2...e6, Unusual lines.} O-O 7. Re1 d6 8. h3 Bd7 9. d3 {[%emt 0:05:25] [#]} Nd4 $146 ({Predecessor:} 9... Qc7 10. Bg5 h6 11. Be3 e5 12. g4 Rae8 13. Qd2 Nd4 14. Bxd4 cxd4 15. Ne2 Bd8 16. Rec1 {1-0 (61) Enzmann,S (2155)-Steinkohl,T (2211) Germany 2016}) 10. Nxd4 cxd4 11. Ne2 Qb6 12. c4 (12. a4 $11) 12... dxc3 (12... e5 $15) 13. bxc3 Rac8 14. Be3 Qa6 15. a4 d5 16. e5 {[%emt 0:05:08] And now Bg5 would win.} Ne8 17. d4 (17. Qd2 $14 {deserves consideration.}) 17... Rc4 $11 18. a5 Nc7 19. Bf1 Bb5 20. Bd2 Rc6 21. Bg2 Bxe2 22. Rxe2 Nb5 23. Re3 {[%emt 0:01:37] Bf1 is the strong threat.} Na3 {[%emt 0:00:26] [#]} 24. Rxa3 $1 Bxa3 25. Bf1 $2 {[%emt 0:00:51] [#]} (25. c4 $11 Qxc4 26. Rxa3) 25... Rc4 $1 26. Bd3 (26. Qb3 Be7) 26... Qxa5 27. Qh5 $2 (27. Qb1 $1 $11 {and White has nothing to worry.}) 27... g6 $19 28. Qh4 Qd8 29. Qh6 {[%emt 0:06:35] [#]} (29. Qxd8 $17 Rxd8 30. Bxc4 dxc4 31. Re1) 29... Re8 $1 30. h4 (30. Bxc4 dxc4) 30... Bf8 31. Qf4 h5 $2 32. Rf3 (32. Bxc4 $11 dxc4 33. Rf3) 32... Qe7 $2 {[%emt 0:00:21][%mdl 8192] [#]} 33. g4 $1 $18 ({Less strong is} 33. Bxc4 dxc4 34. g4 a5 $16) 33... hxg4 34. Qxg4 Bg7 $2 (34... Qc7 35. h5 Qxe5) 35. h5 Rec8 36. hxg6 f5 37. exf6 Bxf6 38. Qh5 {[%emt 0:03:30] Threatening mate with Rxf6.} Rxc3 39. g7 $2 (39. Rxf6 $18 {White threatens Rf7 and mate.} Rxd3 40. Rf7) 39... Qxg7+ $16 40. Rg3 {[%emt 0:00:08] Dancing on a razor blade.} Rxd3 41. Rxg7+ Bxg7 {[%emt 0:30:20] [#]} 42. Qg6 $1 Rxd2 43. Qxe6+ Kh7 44. Qxc8 {[%emt 0:00:00] Black must now prevent Qf5+.} Rxd4 (44... Bxd4 $2 45. Qf5+ Kh8 46. Qh5+ Kg8 47. Qg5+ Kf8 48. Qxd2 $18) 45. Qxb7 {[%emt 0:00:00][%mdl 4096] Endgame KQ-KRB} a5 46. Qb1+ {[%emt 0:00:00][%mdl 1024] White has strong compensation.} Kg8 47. Qb8+ Kh7 48. Qb1+ Kg8 $1 49. Qb8+ ({Better is} 49. Qg6 $16) 49... Kf7 (49... Kh7 $11 {remains equal.}) 50. Qc7+ Kg6 51. Qxa5 Rg4+ 52. Kf1 d4 53. Qd5 Rg5 (53... Bh6 $142 54. Qe6+ Kg5 55. Qg8+ Kh5 56. Qe8+ Kg5 57. Qb5+ Kg6) 54. Qe4+ Rf5 55. Qg4+ Rg5 56. Qe4+ Rf5 $1 {[%emt 0:01:39] Both players deserved the win here.  Weighted Error Value: White=0.39/Black=0.43} 1/2-1/2

[Event "55th Biel Festival ATO 2022"]
[Site "Biel"]
[Date "2022.07.18"]
[Round "5.7"]
[White "Wanner Stefan"]
[Black "Herold, Hansjoerg"]
[Result "1-0"]
[ECO "C50"]
[WhiteElo "1975"]
[BlackElo "1843"]
[Annotator "TA"]
[PlyCount "61"]
[EventDate "2022.07.13"]
[EventType "swiss"]
[EventCountry "SUI"]
[SourceTitle "playchess.com"]
[Source "ChessBase"]
[SourceQuality "1"]
[TimeControl "40/5400+30:1800+30"]

1. e4 e5 2. d4 exd4 3. Nf3 Nc6 4. Bc4 d6 5. Nxd4 Nf6 6. Nxc6 bxc6 7. Nc3 Be7 8. O-O O-O 9. h3 Bb7 {[%emt 0:05:21] C50: Hungarian Defence and Giuoco Pianissimo.} 10. Bf4 d5 11. Bd3 {[%emt 0:19:42] [#]} d4 $146 {[%emt 0:02:58] White has an edge.} ({Predecessor:} 11... dxe4 12. Nxe4 Nxe4 13. Bxe4 Bd6 14. Qf3 Qf6 15. Bxd6 Qxf3 16. Bxf3 cxd6 17. Rfd1 d5 {½-½ (30) Cuker,D-Zrost,R Slovakia 2000}) 12. e5 (12. Na4 $14) 12... Nd5 ({Better is} 12... dxc3 $11 13. exf6 Bxf6) 13. Nxd5 $14 (13. Qh5 $2 g6 14. Qf3 dxc3 $19) 13... Qxd5 14. Qg4 (14. Qh5 g6 15. Qe2 c5 $14) ({White should play} 14. Re1 $16) 14... Bc8 (14... c5 $14) 15. Qg3 $16 {[%emt 0:00:18] [#] Hoping for Bh6.} Qe6 {[%emt 0:02:56] Prevents Bh6.} 16. Qf3 Bd7 (16... Rd8 $142) 17. b3 (17. Qe4 $16 Qg6 18. Qxd4) 17... c5 $14 18. Be4 Rab8 19. Rfd1 Rb6 (19... Bb5 $14) 20. c3 $16 ({But not} 20. Qh5 $6 g6 21. Qe2 Re8 $14) 20... dxc3 21. Qd3 Bb5 22. Qxc3 Bc6 23. Bc2 {[%emt 0:04:46] White is more active.} (23. Bd3 $16) 23... Rb4 $14 24. Be3 c4 (24... Rh4 $1 $11 25. Bc1 (25. Bxc5 Bxc5 26. Qxc5 Bxg2 $17) 25... c4) 25. Bxa7 Ra8 26. Be3 $36 {[%emt 0:00:27][%cal Oe3g5][%mdl 2048] White fights for an advantage.} cxb3 27. axb3 Rxa1 28. Qxa1 Bd5 (28... Rb5 $14) 29. Qc3 Rb7 $2 (29... Bxb3 $2 30. Qxc7 Bd5 {[#]} 31. Bf5 $1 Qxf5 32. Qxe7 $18) (29... c6 $16) 30. Qd3 $18 Qg6 31. Qxg6 {[%emt 0:01:23] Weighted Error Value: White=0.22 (precise) /Black=0.43} 1-0

[Event "55th Biel Festival ATO 2022"]
[Site "Biel"]
[Date "2022.07.18"]
[Round "5.8"]
[White "Smeets Kobe"]
[Black "Maitre, Fabien"]
[Result "1-0"]
[ECO "B38"]
[WhiteElo "1963"]
[BlackElo "1837"]
[Annotator "TA"]
[PlyCount "43"]
[EventDate "2022.07.13"]
[EventType "swiss"]
[EventCountry "SUI"]
[SourceTitle "playchess.com"]
[Source "ChessBase"]
[SourceQuality "1"]
[TimeControl "40/5400+30:1800+30"]

1. e4 c5 2. Nf3 Nc6 3. d4 cxd4 4. Nxd4 g6 5. c4 Nf6 6. Nc3 Bg7 7. Be3 O-O 8. Be2 d6 9. O-O Ng4 10. Bxg4 Bxg4 11. Nxc6 Bxd1 12. Nxd8 Bxc3 {[%emt 0:02:28] B38: Sicilian: Maroczy Bind with 5...Bg7 and 7...0-0.} 13. bxc3 Be2 14. Rfe1 ({Don't take} 14. Nxb7 Bxf1 15. Kxf1 (15. Rxf1 Rfc8 $16) 15... Rfc8 $18) 14... Bxc4 {[%emt 0:00:55] White has a decisive advantage.} 15. Nxb7 a5 {[%emt 0:00:44] [#]} 16. Bd4 $146 ({Predecessor:} 16. f3 Rfb8 17. Reb1 Ra6 18. Rb2 f5 19. e5 Bd5 20. Rab1 dxe5 21. Nc5 Rxb2 22. Rxb2 {1-0 (30) Martin Ojeda,J (2335)-Ubeira Rego,M Nigran 1994}) 16... Rfb8 17. Rab1 Bxa2 18. Ra1 Rxb7 19. Rxa2 a4 20. Ra3 Rb3 21. Rea1 {[%emt 0:04:43] [#] Strongly threatening Rxb3.} Rab8 {[%emt 0:00:37] ( -> ...Rb1+)} 22. Kf1 {[%emt 0:01:10] Weighted Error Value: White=0.20 (precise) /Black=0.21 (precise)} 1-0